TOP OF THE 1ST |
Tri-City Dust Devils batting - Pitching for Cincinnati (NYP) Reds : RHP Phil McLaughlin
|
Pitching: RHP Phil McLaughlin
|
|
Batting: RHB Ben Hoffman
|
0-0: Ball 1-0: Ball 2-0: Ball 3-0: Called Strike 3-1: Swinging Strike 3-2: Strikes out swinging
|
Batting: SHB Cesar Arteaga
|
0-0: Ball 1-0: Called Strike 1-1: Foul Ball, location: 2F 1-2: Ball 2-2: Ground out 4-3 (Groundball, 4, EV 110.0 MPH)
|
Batting: RHB Yuusei Narita
|
0-0: DOUBLE (Line Drive, 3D, EV 108.8 MPH)
|
Batting: RHB Deshawn Boseman
|
0-0: Ground out 6-3 (Groundball, 6M, EV 107.5 MPH)
|
Top of the 1st over - 0 runs, 1 hit, 0 errors, 1 left on base; Tri-City 0 - Cincinnati (NYP) 0 |
BOTTOM OF THE 1ST |
Cincinnati (NYP) Reds batting - Pitching for Tri-City Dust Devils : RHP Chris Leavitt
|
Pitching: RHP Chris Leavitt
|
|
Batting: LHB Fernando Gomez
|
0-0: Ball 1-0: Called Strike 1-1: Swinging Strike 1-2: SINGLE (Groundball, 3D, EV 94.4 MPH)
|
Batting: RHB Will Trudeau
|
0-0: Called Strike Fernando Gomez is caught stealing 2nd base 2-4 0-1: Ball 1-1: Ball 2-1: Foul Ball, location: 2F 2-2: Ball 3-2: Strikes out looking
|
Batting: RHB Andy Bachman
|
0-0: Foul Ball, location: 2F 0-1: Swinging Strike 0-2: Foul Ball, location: 2F 0-2: Ball 1-2: Strikes out looking
|
Bottom of the 1st over - 0 runs, 1 hit, 0 errors, 0 left on base; Tri-City 0 - Cincinnati (NYP) 0 |
TOP OF THE 2ND |
Tri-City Dust Devils batting - Pitching for Cincinnati (NYP) Reds : RHP Phil McLaughlin
|
Batting: RHB Andy Solorzano
|
0-0: Called Strike 0-1: Ball 1-1: Swinging Strike 1-2: Ball 2-2: Fly out, F9 (Flyball, 89S, EV 85.0 MPH)
|
Batting: RHB Ken Hahn
|
0-0: Ball 1-0: Ball 2-0: Foul Ball, location: 2F 2-1: Swinging Strike 2-2: Foul Ball, location: 2F 2-2: Foul Ball, location: 2F 2-2: Ball 3-2: Foul Ball, location: 2F 3-2: Ground out 6-3 (Groundball, 56D, EV 98.1 MPH)
|
Batting: RHB Victor Contreras
|
0-0: Foul Ball, location: 2F 0-1: Called Strike 0-2: Foul Ball, location: 2F 0-2: Ball 1-2: Foul Ball, location: 2F 1-2: Ball 2-2: Strikes out looking
|
Top of the 2nd over - 0 runs, 0 hits, 0 errors, 0 left on base; Tri-City 0 - Cincinnati (NYP) 0 |
BOTTOM OF THE 2ND |
Cincinnati (NYP) Reds batting - Pitching for Tri-City Dust Devils : RHP Chris Leavitt
|
Batting: LHB Martin Koka
|
0-0: Ground out 4-3 (Groundball, 4M, EV 86.2 MPH)
|
Batting: LHB Josh Slusarczyk
|
0-0: Called Strike 0-1: Ball 1-1: Ball 2-1: Foul Ball, location: 2F 2-2: Strikes out swinging
|
Batting: RHB Elias Sagrero
|
0-0: Ball 1-0: Hit by Pitch
|
Batting: RHB Yutaka Sato
|
0-0: Ball Elias Sagrero is caught stealing 2nd base 2-4
|
Bottom of the 2nd over - 0 runs, 0 hits, 0 errors, 0 left on base; Tri-City 0 - Cincinnati (NYP) 0 |
TOP OF THE 3RD |
Tri-City Dust Devils batting - Pitching for Cincinnati (NYP) Reds : RHP Phil McLaughlin
|
Batting: RHB Joel Vazquez
|
0-0: Swinging Strike 0-1: Foul Ball, location: 2F 0-2: Ball 1-2: Ball 2-2: Foul Ball, location: 2F 2-2: Foul Ball, location: 2F 2-2: SINGLE (Groundball, 56, EV 100.6 MPH)
|
Batting: RHB Pleun Smit
|
0-0: Grounds into double play, 6-4-3 (Groundball, 56D, EV 87.5 MPH)
|
Batting: RHB Ben Hoffman
|
0-0: Ball 1-0: Swinging Strike 1-1: Ball 2-1: Ground out 5-3 (Groundball, 56, EV 82.5 MPH)
|
Top of the 3rd over - 0 runs, 1 hit, 0 errors, 0 left on base; Tri-City 0 - Cincinnati (NYP) 0 |
BOTTOM OF THE 3RD |
Cincinnati (NYP) Reds batting - Pitching for Tri-City Dust Devils : RHP Chris Leavitt
|
Batting: RHB Yutaka Sato
|
0-0: Ball 1-0: Foul Ball, location: 2F 1-1: Ground out 1-3 (Groundball, P, EV 67.5 MPH)
|
Batting: RHB Emanuel Estrada
|
0-0: Ball 1-0: Foul Ball, location: 2F 1-1: Ball 2-1: Called Strike 2-2: Ball 3-2: Strikes out swinging
|
Batting: RHB Ch'ang-chieh Hsia
|
0-0: Called Strike 0-1: Swinging Strike 0-2: Ball 1-2: Strikes out looking
|
Bottom of the 3rd over - 0 runs, 0 hits, 0 errors, 0 left on base; Tri-City 0 - Cincinnati (NYP) 0 |
TOP OF THE 4TH |
Tri-City Dust Devils batting - Pitching for Cincinnati (NYP) Reds : RHP Phil McLaughlin
|
Batting: SHB Cesar Arteaga
|
0-0: Swinging Strike 0-1: Ground out 4-3 (Groundball, 4, EV 105.0 MPH)
|
Batting: RHB Yuusei Narita
|
0-0: Swinging Strike 0-1: Ball 1-1: Ball 2-1: Foul Ball, location: 2F 2-2: Foul Ball, location: 2F 2-2: Ball 3-2: DOUBLE (Line Drive, 7LS, EV 95.6 MPH)
|
Batting: RHB Deshawn Boseman
|
0-0: SINGLE (Line Drive, 6D, EV 103.1 MPH) Yuusei Narita to third
|
Batting: RHB Andy Solorzano
|
0-0: Called Strike Deshawn Boseman steals 2nd, throwing error, E2 Yuusei Narita scores Deshawn Boseman to third 0-1: Ball 1-1: Called Strike 1-2: Strikes out swinging
|
Batting: RHB Ken Hahn
|
0-0: Called Strike 0-1: Called Strike 0-2: Strikes out swinging
|
Top of the 4th over - 1 run, 2 hits, 1 error, 1 left on base; Tri-City 1 - Cincinnati (NYP) 0 |
BOTTOM OF THE 4TH |
Cincinnati (NYP) Reds batting - Pitching for Tri-City Dust Devils : RHP Chris Leavitt
|
Batting: LHB Fernando Gomez
|
0-0: Called Strike 0-1: Ball 1-1: Called Strike 1-2: Fly out, F6 (Line Drive, 6, EV 75.6 MPH)
|
Batting: RHB Will Trudeau
|
0-0: Ball 1-0: Ball 2-0: Called Strike 2-1: Ball 3-1: Base on Balls
|
Batting: RHB Andy Bachman
|
0-0: Ball Will Trudeau steals 2nd base 1-0: Ball 2-0: Foul Ball, location: 2F 2-1: Swinging Strike 2-2: Foul Ball, location: 2F 2-2: Strikes out swinging
|
Batting: LHB Martin Koka
|
0-0: SINGLE (Groundball, 34D, EV 94.4 MPH) Will Trudeau to third Runner from 3rd tries for Home, SAFE, throw by RF to home
|
Batting: LHB Josh Slusarczyk
|
0-0: Ball 1-0: Called Strike 1-1: Ball 2-1: Ball 3-1: Base on Balls Martin Koka to second
|
Batting: RHB Elias Sagrero
|
0-0: Swinging Strike 0-1: Fielders Choice at 2nd, 6-4 (Groundball, 6, EV 100.6 MPH)
|
Bottom of the 4th over - 1 run, 1 hit, 0 errors, 2 left on base; Tri-City 1 - Cincinnati (NYP) 1 |
TOP OF THE 5TH |
Tri-City Dust Devils batting - Pitching for Cincinnati (NYP) Reds : RHP Phil McLaughlin
|
Batting: RHB Victor Contreras
|
0-0: SINGLE (Groundball, 6MD, EV 98.8 MPH)
|
Batting: RHB Joel Vazquez
|
0-0: Ball 1-0: Ball 2-0: Swinging Strike 2-1: Ball 3-1: Called Strike 3-2: Base on Balls Victor Contreras to second
|
Batting: RHB Pleun Smit
|
0-0: Ball 1-0: Swinging Strike 1-1: Foul Ball, location: 2F 1-2: Ball 2-2: Ball 3-2: Strikes out swinging
|
Pitching: RHP Eudaldo Cuyco
|
|
Batting: RHB Ben Hoffman
|
0-0: Ball Victor Contreras is caught stealing 3rd base 2-5 1-0: DOUBLE (Line Drive, 8RD, EV 106.2 MPH) Joel Vazquez to third
|
Batting: SHB Cesar Arteaga
|
0-0: Swinging Strike 0-1: Swinging Strike 0-2: Ball 1-2: Ground out 6-3 (Groundball, 56, EV 86.9 MPH)
|
Top of the 5th over - 0 runs, 2 hits, 0 errors, 2 left on base; Tri-City 1 - Cincinnati (NYP) 1 |
BOTTOM OF THE 5TH |
Cincinnati (NYP) Reds batting - Pitching for Tri-City Dust Devils : RHP Chris Leavitt
|
Batting: RHB Yutaka Sato
|
0-0: Ball 1-0: Ball 2-0: Ground out 6-3 (Groundball, 6, EV 88.1 MPH)
|
Batting: RHB Emanuel Estrada
|
0-0: Ball 1-0: Bunt missed! 1-1: Swinging Strike 1-2: Ball 2-2: Strikes out swinging
|
Batting: RHB Ch'ang-chieh Hsia
|
0-0: Ball 1-0: Ball 2-0: Swinging Strike 2-1: Swinging Strike 2-2: Ground out U3 (Groundball, 3, EV 81.9 MPH)
|
Bottom of the 5th over - 0 runs, 0 hits, 0 errors, 0 left on base; Tri-City 1 - Cincinnati (NYP) 1 |
TOP OF THE 6TH |
Tri-City Dust Devils batting - Pitching for Cincinnati (NYP) Reds : RHP Eudaldo Cuyco
|
Batting: RHB Yuusei Narita
|
0-0: Called Strike 0-1: Ball 1-1: Ball 2-1: Ball 3-1: Swinging Strike 3-2: Base on Balls
|
Batting: RHB Deshawn Boseman
|
0-0: Ball 1-0: Swinging Strike 1-1: Fly out, F8 (Line Drive, 8RM, EV 91.2 MPH)
|
Batting: RHB Andy Solorzano
|
0-0: Called Strike Yuusei Narita steals 2nd, throwing error, E2 Yuusei Narita to third 0-1: Ball 1-1: Ground out 4-3 (Groundball, 4, EV 82.5 MPH)
|
Batting: RHB Ken Hahn
|
0-0: Ball 1-0: Ball Passed Ball! Yuusei Narita scores 2-0: Ball 3-0: Called Strike 3-1: Base on Balls
|
Batting: RHB Victor Contreras
|
0-0: Ball 1-0: Fielders Choice at 2nd, 5-4 (Groundball, 5, EV 86.9 MPH)
|
Top of the 6th over - 1 run, 0 hits, 1 error, 1 left on base; Tri-City 2 - Cincinnati (NYP) 1 |
BOTTOM OF THE 6TH |
Cincinnati (NYP) Reds batting - Pitching for Tri-City Dust Devils : RHP Chris Leavitt
|
Batting: LHB Fernando Gomez
|
0-0: Swinging Strike 0-1: Foul Ball, location: 2F 0-2: Ground out 4-3 (Groundball, 4, EV 104.4 MPH)
|
Batting: RHB Will Trudeau
|
0-0: Foul Ball, location: 2F 0-1: Called Strike 0-2: Ball 1-2: Strikes out swinging
|
Batting: RHB Andy Bachman
|
0-0: Ball 1-0: Ball 2-0: Ball 3-0: Foul Ball, location: 2F 3-1: SINGLE (Line Drive, 3L, EV 95.0 MPH)
|
Batting: LHB Martin Koka
|
0-0: Ball Andy Bachman is caught stealing 2nd base 2-6
|
Bottom of the 6th over - 0 runs, 1 hit, 0 errors, 0 left on base; Tri-City 2 - Cincinnati (NYP) 1 |
TOP OF THE 7TH |
Tri-City Dust Devils batting - Pitching for Cincinnati (NYP) Reds : RHP Eudaldo Cuyco
|
Batting: RHB Joel Vazquez
|
0-0: Foul Ball, location: 2F 0-1: Swinging Strike 0-2: Ball 1-2: Strikes out swinging
|
Batting: RHB Pleun Smit
|
0-0: Swinging Strike 0-1: Ball 1-1: Ball 2-1: Ball 3-1: Base on Balls
|
Pitching: RHP Gilbert Paparelli
|
|
Batting: RHB Ben Hoffman
|
0-0: Called Strike Pleun Smit steals 2nd base 0-1: Ball 1-1: Ball 2-1: Foul Ball, location: 2F 2-2: Strikes out swinging
|
Batting: SHB Cesar Arteaga
|
0-0: Ball 1-0: Fly out, F8 (Line Drive, 8LM, EV 91.9 MPH)
|
Top of the 7th over - 0 runs, 0 hits, 0 errors, 1 left on base; Tri-City 2 - Cincinnati (NYP) 1 |
BOTTOM OF THE 7TH |
Cincinnati (NYP) Reds batting - Pitching for Tri-City Dust Devils : RHP Chris Leavitt
|
Batting: LHB Martin Koka
|
0-0: Called Strike 0-1: Ball 1-1: Swinging Strike 1-2: Strikes out looking
|
Batting: LHB Josh Slusarczyk
|
0-0: Ball 1-0: Swinging Strike 1-1: Swinging Strike 1-2: Foul Ball, location: 2F 1-2: Strikes out swinging
|
Batting: RHB Elias Sagrero
|
0-0: Ball 1-0: Called Strike 1-1: Ball 2-1: Foul Ball, location: 2F 2-2: Ball 3-2: Foul Ball, location: 2F 3-2: Base on Balls
|
Pitching: RHP Jake Gregor
|
|
Pinch Hitting: LHB Cesar Arteaga
|
0-0: Ball 1-0: Ball 2-0: Called Strike 2-1: Swinging Strike 2-2: Fly out, F8 (Flyball, 8LD, EV 88.1 MPH)
|
Bottom of the 7th over - 0 runs, 0 hits, 0 errors, 1 left on base; Tri-City 2 - Cincinnati (NYP) 1 |
TOP OF THE 8TH |
Tri-City Dust Devils batting - Pitching for Cincinnati (NYP) Reds : RHP Gilbert Paparelli
|
Now at 2B: Cesar Arteaga
|
|
Now at 3B: Josh Slusarczyk
|
|
Now at SS: Fernando Gomez
|
|
Batting: RHB Yuusei Narita
|
0-0: Ball 1-0: DOUBLE (Line Drive, 78XD, EV 102.5 MPH)
|
Batting: RHB Deshawn Boseman
|
0-0: Ground out 4-3 (Groundball, 34D, EV 100.6 MPH) Yuusei Narita to third
|
Batting: RHB Andy Solorzano
|
0-0: Ball 1-0: Swinging Strike 1-1: Foul Ball, location: 2F 1-2: Strikes out looking
|
Batting: RHB Ken Hahn
|
0-0: Ball 1-0: Ball 2-0: Called Strike 2-1: Foul Ball, location: 2F 2-2: Foul Ball, location: 2F 2-2: Foul Ball, location: 2F 2-2: Ball 3-2: Strikes out swinging
|
Top of the 8th over - 0 runs, 1 hit, 0 errors, 1 left on base; Tri-City 2 - Cincinnati (NYP) 1 |
BOTTOM OF THE 8TH |
Cincinnati (NYP) Reds batting - Pitching for Tri-City Dust Devils : RHP Jake Gregor
|
Batting: RHB Emanuel Estrada
|
0-0: Foul Ball, location: 2F 0-1: Ball 1-1: Foul Ball, location: 2F 1-2: Strikes out looking
|
Batting: RHB Ch'ang-chieh Hsia
|
0-0: Called Strike 0-1: Swinging Strike 0-2: Ball 1-2: Ball 2-2: Foul Ball, location: 2F 2-2: Strikes out swinging
|
Batting: LHB Fernando Gomez
|
0-0: Called Strike 0-1: Called Strike 0-2: Strikes out swinging
|
Bottom of the 8th over - 0 runs, 0 hits, 0 errors, 0 left on base; Tri-City 2 - Cincinnati (NYP) 1 |
TOP OF THE 9TH |
Tri-City Dust Devils batting - Pitching for Cincinnati (NYP) Reds : RHP Gilbert Paparelli
|
Batting: RHB Victor Contreras
|
0-0: Ball 1-0: Ball 2-0: Ball 3-0: Base on Balls
|
Batting: RHB Joel Vazquez
|
0-0: Ball 1-0: DOUBLE (Flyball, 8LXD, EV 106.2 MPH) Victor Contreras to third
|
Batting: RHB Pleun Smit
|
0-0: Called Strike 0-1: Ball 1-1: Swinging Strike 1-2: Ball Wild Pitch! Victor Contreras scores Joel Vazquez to third 2-2: Strikes out swinging
|
Pitching: RHP Kevin Nabity
|
|
Batting: RHB Ben Hoffman
|
0-0: Ball 1-0: Foul Ball, location: 2F 1-1: Foul Ball, location: 2F 1-2: Ball 2-2: Foul Ball, location: 2F 2-2: Strikes out swinging
|
Batting: SHB Cesar Arteaga
|
0-0: Foul Ball, location: 2F 0-1: Ball 1-1: Foul Ball, location: 2F 1-2: Fly out, F9 (Flyball, 9D, EV 100.0 MPH)
|
Top of the 9th over - 1 run, 1 hit, 0 errors, 1 left on base; Tri-City 3 - Cincinnati (NYP) 1 |
BOTTOM OF THE 9TH |
Cincinnati (NYP) Reds batting - Pitching for Tri-City Dust Devils : RHP Jake Gregor
|
Pitching: RHP Jarrod Kenny
|
|
Now in LF: Paul Collins
|
|
Batting: RHB Will Trudeau
|
0-0: Ball 1-0: Swinging Strike 1-1: Foul Ball, location: 2F 1-2: Ball 2-2: Ball 3-2: Foul Ball, location: 2F 3-2: Foul Ball, location: 2F 3-2: Strikes out swinging
|
Batting: RHB Andy Bachman
|
0-0: Ball 1-0: SOLO HOME RUN (Flyball, 9D, EV 99.4 MPH), Distance : 394 ft
|
Batting: LHB Martin Koka
|
0-0: Called Strike 0-1: Swinging Strike 0-2: Ball 1-2: Foul Ball, location: 2F 1-2: Foul Ball, location: 2F 1-2: Ball 2-2: Foul Ball, location: 2F 2-2: Ball 3-2: Strikes out looking
|
Batting: LHB Josh Slusarczyk
|
0-0: Ball 1-0: Foul Ball, location: 2F 1-1: Ball 2-1: Foul Ball, location: 2F 2-2: Hit by Pitch
|
Batting: RHB Elias Sagrero
|
0-0: Ball 1-0: Ball 2-0: Called Strike 2-1: Called Strike 2-2: Strikes out swinging
|
Bottom of the 9th over - 1 run, 1 hit, 0 errors, 1 left on base; Tri-City 3 - Cincinnati (NYP) 2 |
|